 Dungeon Crawl Stone Soup version 0.20-a0 (webtiles) character file.

3409 JeffiDaFish the Fighter (level 10, -1/91 HPs)
             Began as a Hill Orc Fighter on Oct 27, 2016.
             Was a Follower of Beogh.
             Slain by a hornet (12 damage)
             ... on level 8 of the Dungeon.
             The game lasted 00:21:52 (6329 turns).

JeffiDaFish the Fighter (Hill Orc Fighter)          Turns: 6329, Time: 00:21:53

Health: -1/91      AC: 12    Str: 21    XL:     10   Next: 4%
Magic:  15/15      EV:  9    Int: 10    God:    Beogh [*.....]
Gold:   317        SH:  0    Dex: 10    Spells: 1 memorised, 14 levels left

rFire  . . .     SeeInvis .     A - +2 battleaxe (chop)
rCold  . . .     Gourm    .     m - +0 chain mail
rNeg   . . .     Faith    .     (shield currently unavailable)
rPois  +         Spirit   .     e - +0 helmet
rElec  .         Reflect  .     (no cloak)
rCorr  .         Harm     .     (no gloves)
MR     .....     Rnd*Rage +     (no boots)
Stlth  ..........               (no amulet)
                                v - ring of poison resistance
                                w - +1 ring of protection

@: no status effects
A: talons 1, berserk 1, blink, clever 1, weak 1, evolution 1, sturdy frame 1
a: Blink, Renounce Religion


You were on level 8 of the Dungeon.
You worshipped Beogh.
Beogh was aware of your devotion.
You were not hungry.

You visited 1 branch of the dungeon, and saw 8 of its levels.

You collected 317 gold pieces.

Inventory:

Hand Weapons
 a - a +2 war axe
 A - a +2 battleaxe of chopping (weapon)
Armour
 c - a +1 shield
 e - a +0 helmet (worn)
 m - a +0 chain mail (worn)
Jewellery
 t - an uncursed ring of protection from fire
 v - a ring of poison resistance (right hand)
 w - a +1 ring of protection (left hand)
Wands
 r - a wand of iceblast (15/15)
 x - a wand of random effects (32/48)
Scrolls
 h - 6 scrolls of identify
 j - 2 scrolls of teleportation
 l - 8 scrolls of remove curse
 n - 3 scrolls of enchant armour
 p - a scroll of amnesia
 y - a scroll of recharging
 z - 2 scrolls of blinking
Potions
 b - a potion of flight
Books
 q - a book of Minor Magic

   Spells                             Type                      Level
   a - Magic Dart                     Conjuration                  1
   b - Blink                          Translocation                2
   c - Call Imp                       Summoning                    2
   d - Repel Missiles                 Charms/Air                   2
   e - Slow                           Hexes                        2
   f - Conjure Flame                  Conjuration/Fire             3
   g - Mephitic Cloud                 Conjuration/Poison/Air       3
Comestibles
 f - 8 bread rations
 g - a royal jelly
 i - 2 beef jerkies
 o - 2 slices of pizza
 u - a meat ration


   Skills:
 * Level 9.2 Fighting
 + Level 8.6 Axes
 + Level 6.6 Armour
 - Level 1.2 Dodging
 + Level 7.0 Shields
 + Level 3.4 Spellcasting
 + Level 4.1 Conjurations


You had 14 spell levels left.
You knew the following spells:

 Your Spells              Type           Power        Failure   Level  Hunger
a - Magic Dart            Conj           #...         28%         1    #......


Dungeon Overview and Level Annotations

Branches:
Dungeon (8/15)             Temple (0/1) D:6            Lair (0/6) D:8

Altars:
Cheibriados
Gozag
Nemelex Xobeh
Vehumet
The Shining One


Innate Abilities, Weirdness & Mutations

You have sharp toenails.
You tend to lose your temper in combat.
You can translocate small distances at will.
Your mind is acute. (Int +2)
You are weak. (Str -2)
You evolve.
Your movements are slightly less encumbered by armour. (ER -2)


Message History

You feel better. The hornet barely misses you. The hornet stings you!
* * * LOW HITPOINT WARNING * * *
You slash the hornet! You claw the hornet, but do no damage.
The hornet is heavily wounded.
The hornet stings you.
* * * LOW HITPOINT WARNING * * *
You feel yourself slow down.
The hornet stings you but does no damage.
You closely miss the hornet. Your kick misses the hornet.
The hornet is heavily wounded.
The hornet barely misses you.
The hornet stings you but does no damage. x2
You are too injured to fight recklessly!
You are too injured to fight recklessly!
You closely miss the hornet. Your kick misses the hornet.
The hornet is heavily wounded.
You feel yourself speed up.
The hornet stings you but does no damage.
The hornet barely misses you. The hornet stings you!
You die...

##..####.....###.####.#
........)....###.####.#
##..####.....)........#
##..# #.....###.######
##..# #########.#######
# ....# #.....ay......#
. ##..##
#.#####y#####.# #
.....# #.# #y#####.# #
.###.#####.#
#@##....########## .#
#.......#
#.##............##
.###.#######
#.##....#######.##
.....# #.###.#.# #.##
##.### #.# #.#.# #...
#.# #.# #.#.# #... #.#
#.# #.#.# #.## #.# #.#
#.#.# #.# #<# #.# #.#.#
#.#


You could see a soldier ant and 3 hornets.

Vanquished Creatures
  A two-headed ogre (D:8)
  2 hippogriffs (D:8)
  Sigmund (D:6)
  Eustachio (D:6)
  Duvessa (D:7)
  A black bear (D:6)
  An orc warrior (D:8)
  A phantom (D:6)
  A sky beast (D:6)
  2 ice beasts (D:6)
  3 ogres
  A centaur (D:7)
  5 bullfrogs
  Dowan (D:7)
  2 howler monkeys
  A crimson imp (D:5)
  3 bullfrog zombies
  6 hounds
  2 orc priests (D:8)
  2 jellies
  2 bullfrog skeletons
  A centaur skeleton (D:8)
  Jessica (D:2)
  Ijyb (D:2)
  An iguana (D:5)
  6 orc wizards
  7 worker ants
  2 worker ant zombies (D:5)
  3 gnolls (D:2)
  5 adders
  2 shadow imps
  An adder skeleton (D:6)
  4 worms
  4 dart slugs
  3 leopard geckos
  24 orcs
  4 giant cockroaches
  10 goblins
  4 hobgoblins
  5 quokkas
  A ball python (D:1)
  6 bats
  10 frilled lizards
  A jackal zombie (D:7)
  8 kobolds
  4 rats
158 creatures vanquished.

Vanquished Creatures (others)
  An orc priest (D:5)
  A jelly (D:5)
  A leopard gecko (D:5)
  An orc (D:5)
4 creatures vanquished.

Grand Total: 162 creatures vanquished

Notes
Turn   | Place    | Note
-------+----------+-------------------------------------------
     0 | D:1      | JeffiDaFish the Hill Orc Fighter began the quest for the Orb.
     0 | D:1      | Reached XP level 1. HP: 19/19 MP: 1/1
   240 | D:1      | Reached XP level 2. HP: 25/27 MP: 2/2
   866 | D:2      | Found a sparkling altar of Nemelex Xobeh.
   866 | D:2      | Noticed Jessica
   872 | D:2      | Killed Jessica
   872 | D:2      | Reached XP level 3. HP: 28/33 MP: 3/3
   916 | D:2      | Gained mutation: You are weak. (Str -2) [potion of mutation]
   916 | D:2      | Gained mutation: You can translocate small distances at will. [potion of mutation]
   931 | D:2      | Reached XP level 4. HP: 36/40 MP: 4/4
  1113 | D:2      | Noticed Ijyb
  1130 | D:2      | Killed Ijyb
  1219 | D:2      | Reached XP level 5. HP: 46/46 MP: 5/5
  1391 | D:2      | Gained mutation: You evolve. [potion of beneficial mutation]
  1469 | D:2      | Gained mutation: You have sharp toenails. [potion of beneficial mutation]
  1469 | D:2      | Gained mutation: Your movements are slightly less encumbered by armour. (ER -2) [evolution]
  1694 | D:3      | Reached skill level 4 in Fighting
  1698 | D:3      | Found a snail-covered altar of Cheibriados.
  1836 | D:3      | Found a glowing golden altar of the Shining One.
  1922 | D:3      | Reached skill level 5 in Axes
  2223 | D:4      | Noticed an ogre
  2233 | D:4      | Killed an ogre
  2233 | D:4      | Reached skill level 1 in Dodging
  2233 | D:4      | Reached XP level 6. HP: 36/52 MP: 6/6
  2395 | D:4      | Learned a level 1 spell: Magic Dart
  2694 | D:4      | Gained mutation: You tend to lose your temper in combat. [evolution]
  2752 | D:4      | Reached skill level 5 in Shields
  2804 | D:4      | Reached XP level 7. HP: 60/60 MP: 7/7
  2944 | D:4      | Reached skill level 5 in Fighting
  2966 | D:4      | Reached skill level 1 in Conjurations
  3110 | D:5      | Entered Level 5 of the Dungeon
  3132 | D:5      | Became a worshipper of Beogh the Brigand
  3179 | D:5      | Reached skill level 1 in Spellcasting
  3380 | D:5      | Found an opulent altar of Gozag.
  3631 | D:6      | Reached XP level 8. HP: 61/70 MP: 10/10
  3658 | D:6      | Reached skill level 6 in Fighting
  3895 | D:6      | Reached skill level 5 in Armour
  4018 | D:6      | Reached skill level 7 in Fighting
  4067 | D:6      | Noticed Eustachio
  4084 | D:6      | Killed Eustachio
  4208 | D:6      | Noticed Sigmund
  4228 | D:6      | Killed Sigmund
  4228 | D:6      | Reached XP level 9. HP: 40/80 MP: 12/12
  4228 | D:6      | Reached * piety under Beogh
  4265 | D:6      | Found a staircase to the Ecumenical Temple.
  4469 | D:6      | Found a radiant altar of Vehumet.
  4612 | D:6      | Gained mutation: Your mind is acute. (Int +2) [evolution]
  4716 | D:7      | Reached skill level 8 in Fighting
  4910 | D:7      | Noticed Duvessa
  4911 | D:7      | Noticed Dowan
  4920 | D:7      | Killed Duvessa
  4922 | D:7      | Killed Dowan
  5317 | D:7      | Identified a scroll of acquirement
  6004 | D:8      | Noticed a two-headed ogre
  6008 | D:8      | Killed a two-headed ogre
  6040 | D:8      | Found a staircase to the Lair.
  6043 | D:8      | Reached skill level 9 in Fighting
  6070 | D:8      | Reached XP level 10. HP: 51/91 MP: 15/15
  6309 | D:8      | Paralysed by a hornet for 1 turns
  6312 | D:8      | Paralysed by a hornet for 3 turns
  6329 | D:8      | Slain by a hornet

Vault maps used:
D:1:      tarquinn_simple_flora_water_f
D:2:      minmay_liquid_box, minmay_misc_feat_x, nemelex_lonely_heart_becter,
          uniq_iyjb
D:3:      old_standard_altar, kennysheep_slug_shrine, first_bread
D:5:      nicolae_overflow_hidden_temple,
          nicolae_gozag_cash_rules_everything_around_me
D:6:      vehumet_crystals, uniq_sigmund, uniq_eustachio
D:7:      uniq_duvessa
D:8:      lemuel_blue_sif_altar, lair_0_dummy, hangedman_pestilent_swarm

Skill      XL: |  1  2  3  4  5  6  7  8  9 |
---------------+----------------------------+-----
Axes           | 3 4 5 6 7 8 |  8.6
Shields        | 4 5 6 7 |  7.0
Armour         | 4 5 6 |  6.6
Fighting       | 4 5 7 9 |  9.2
Dodging        | 1 |  1.2
Conjurations   | 1 3 4 |  4.1
Spellcasting   | 1 2 3 |  3.4

Action                   |  1- 3 |  4- 6 |  7- 9 | 10-12 || total
-------------------------+-------+-------+-------+-------++-------
Melee: War axe           |    89 |   196 |   246 |       ||   531
       Kick              |       |    31 |    90 |     1 ||   122
       Battleaxe         |       |       |    85 |     6 ||    91
Invok: Convert to Beogh  |       |       |     1 |       ||     1
 Abil: Blink             |       |       |     1 |     1 ||     2
  Use: Scroll            |     5 |     5 |     7 |       ||    17
       Potion            |     4 |     8 |     2 |     2 ||    16
  Eat: Chunk             |       |     7 |    11 |     1 ||    19
Armor: Scale mail        |    35 |    33 |       |       ||    68
       Chain mail        |       |    45 |   197 |    17 ||   259
Dodge: Dodged            |    24 |    46 |   110 |    10 ||   190
Block: Shield            |    43 |   122 |   127 |       ||   292
